 Dungeon Crawl Stone Soup version 0.17.0-24-gcfadda4 (webtiles) character file.

1850 oplop the Changer (level 9, -3/69 HPs)
             Began as an Octopode Transmuter on Nov 15, 2015.
             Slain by a yak (13 damage)
             ... on level 7 of the Dungeon.
             The game lasted 00:13:10 (7772 turns).

oplop the Changer (Octopode Transmuter)             Turns: 7772, Time: 00:13:11

Health: -3/69      AC:  6    Str: 15    XL:     9   Next: 12%
Magic:  6/17       EV: 11    Int: 16    God:
Gold:   219        SH:  5    Dex: 12    Spells: 5 memorised, 4 levels left

rFire  x . .     SeeInvis .       - Unarmed
rCold  + + +     Clarity  .     (shield currently unavailable)
rNeg   . . .     SustAt   +     (helmet currently unavailable)
rPois  +         Gourm    .     y - amulet of resist corrosion
rElec  .         Spirit   .     f - ring of sustain attributes
rCorr  +         Warding  .     x - +3 ring of strength
rMut   .         Stasis   .     A - ring of wizardry
MR     .....                    u - ring of poison resistance
Stlth  +.........               (no ring)
                                (no ring)
                                (no ring)
                                (no ring)

@: ice-form, icy shield, not resistant to hostile enchantments, very unstealthy
A: almost no armour, amphibious, 8 rings, (constrict 8), (camouflage 0),
(gelatinous body 0)
a: End Transformation


You were on level 7 of the Dungeon.
You were near starving.
You were a creature of crystalline ice.
You visited 2 branches of the dungeon, and saw 8 of its levels.

You collected 219 gold pieces.

Inventory:

Hand Weapons
 p - a +0 dagger of venom (melded)
Missiles
 a - 64 arrows
Jewellery
 f - a ring of sustain attributes (left front paw)
 o - an uncursed ring of fire
 t - an uncursed amulet of clarity
 u - a ring of poison resistance (on tentacle)
 x - a +3 ring of strength (right front paw)
 y - an amulet of resist corrosion (around neck)
 A - a ring of wizardry (on tentacle)
Wands
 q - a wand of disintegration (15)
 D - a wand of flame (23)
Scrolls
 m - 3 scrolls of identify
 n - a scroll of random uselessness
 r - a scroll of teleportation
 s - 3 scrolls of remove curse
 z - a scroll of noise {unknown}
 C - a scroll of fear {unknown}
Potions
 d - a potion of degeneration
 e - 3 potions of curing
 g - a potion of brilliance {unknown}
 h - 2 potions of flight {unknown}
 i - a potion of heal wounds {unknown}
 j - 3 potions of might
 k - a potion of resistance {unknown}
 l - 2 potions of haste {unknown}
 w - 2 potions of mutation {unknown}
Books
 b - a book of Changes

   Spells                             Type                      Level
   a - Beastly Appendage              Transmutation                1
   b - Sticks to Snakes               Transmutation                2
   c - Spider Form                    Transmutation/Poison         3
   d - Ice Form                       Ice/Transmutation            4
   e - Blade Hands                    Transmutation                5
 B - a book of Alchemy

   Spells                             Type                      Level
   a - Sublimation of Blood           Necromancy                   2
   b - Ignite Poison                  Fire/Transmutation/Poison    3
   c - Alistair's Intoxication        Transmutation/Poison         4
   d - Condensation Shield            Ice                          4
   e - Petrify                        Transmutation/Earth          4
   f - Irradiate                      Conjuration/Transmutation    5
Comestibles
 c - 2 bread rations
 v - 2 meat rations


   Skills:
 - Level 3.7 Fighting
 + Level 4.5 Dodging
 + Level 5.0 Unarmed Combat
 + Level 5.3 Spellcasting
 - Level 5.6 Transmutations
 + Level 4.4 Ice Magic
 - Level 2.0 Poison Magic


You had 4 spell levels left.
You knew the following spells:

 Your Spells              Type           Power        Failure   Level  Hunger
a - Beastly Appendage     Trmt           ###...       1%          1    None
b - Sticks to Snakes      Trmt           ###.......   1%          2    #......
c - Spider Form           Trmt/Pois      ###.......   4%          3    ###....
d - Ice Form              Ice/Trmt       ###.....     9%          4    ####...
e - Condensation Shield   Ice            ###.......   12%         4    ####...


Dungeon Overview and Level Annotations

Branches:
Dungeon (7/15)             Temple (1/1) D:5

Altars:
Okawaru
Qazlal
Ru

Annotations:
D:3 Rememberthe6billion's ghost, amateur DEMo
D:4 Menkaure


Innate Abilities, Weirdness & Mutations

You cannot wear most types of armour.
You are amphibious.
You can wear up to eight rings at the same time.
((You can use your tentacles to constrict eight enemies at once.))
((Your skin changes colour to match your surroundings (Stealth).))
((Your rubbery body absorbs attacks (AC +1).))


Message History

The yak gores you.
Your ball python bites the yak.
The yak gores you but does no damage.
Unknown command.
You barely miss the yak.
The yak is lightly wounded.
The yak gores you!
Your ball python bites the yak but does no damage.
Your ball python closely misses the yak.
Unknown command.
You punch the yak! You freeze the yak!
The yak is heavily wounded.
Your icy shield starts to melt.
The yak gores you!
Your ball python bites the yak but does no damage.
The yak gores you!
* * * LOW HITPOINT WARNING * * *
Your ball python bites the yak but does no damage.
Your ball python bites the yak.
The yak gores you!
You die...

....# ....#
.....# .. .....#
!.. .....#
....## #....#
......#+###....#
.......SY.Y....#
.###....SY.....#
#....S##....#
#.....##....#
......####....#
..##..).##....#
... #..........#
.# #..........#
###[.........#


You could see 2 yaks and 3 friendly ball pythons.

Vanquished Creatures
  4 yaks
  Edmund (D:6)
  An ice beast (D:5)
  An ogre (D:6)
  A centaur (D:6)
  3 crimson imps (D:5)
  2 hounds
  Ijyb (D:4)
  3 iguanas
  2 orc wizards (D:3)
  A giant frog skeleton (D:5)
  4 worker ants
  An orc priest (D:3)
  9 adders
  7 gnolls
  A shadow imp (D:6)
  3 adder skeletons
  4 giant geckos
  9 orcs
  2 bats
  10 giant cockroaches
  8 hobgoblins
  13 jackals
  5 kobolds
  3 quokkas
  A ball python (D:2)
  A giant gecko zombie (D:5)
  3 giant newts
  12 goblins
  3 rats
119 creatures vanquished.

Vanquished Creatures (collateral kills)
  A water moccasin (D:5)
  An ogre (D:6)
  A giant frog zombie (D:6)
  A gnoll (D:3)
  An orc (D:3)
  A goblin (D:3)
6 creatures vanquished.

Grand Total: 125 creatures vanquished

Notes
Turn   | Place    | Note
--------------------------------------------------------------
     0 | D:1      | oplop the Octopode Transmuter began the quest for the Orb.
     0 | D:1      | Reached XP level 1. HP: 13/13 MP: 3/3
   105 | D:1      | Reached XP level 2. HP: 18/18 MP: 3/5
   571 | D:2      | Found a sacrificial altar of Ru.
   717 | D:2      | Learned a level 2 spell: Sticks to Snakes
   749 | D:2      | Reached XP level 3. HP: 17/23 MP: 3/6
  1576 | D:3      | Noticed Rememberthe6billion's ghost (amateur DEMo)
  2077 | D:3      | Reached XP level 4. HP: 25/29 MP: 4/7
  2145 | D:3      | Found a stormy altar of Qazlal.
  2287 | D:3      | Reached skill level 4 in Transmutations
  2287 | D:3      | Reached XP level 5. HP: 25/34 MP: 6/9
  2619 | D:3      | Found an iron altar of Okawaru.
  2729 | D:3      | Learned a level 3 spell: Spider Form
  3292 | D:4      | Reached skill level 1 in Poison Magic
  3462 | D:4      | Reached XP level 6. HP: 26/41 MP: 8/10
  3590 | D:4      | Noticed Menkaure
  3705 | D:4      | Noticed Ijyb
  3713 | D:4      | Killed Ijyb
  4011 | D:4      | Reached skill level 5 in Transmutations
  4185 | D:5      | Entered Level 5 of the Dungeon
  4192 | D:5      | Noticed a water moccasin
  4198 | D:5      | Killed a water moccasin
  4237 | D:5      | Learned a level 4 spell: Ice Form
  4426 | D:5      | Found a staircase to the Ecumenical Temple.
  4458 | Temple   | Entered the Ecumenical Temple
  4901 | D:5      | Reached skill level 1 in Ice Magic
  4901 | D:5      | Reached XP level 7. HP: 8/46 MP: 10/12
  4908 | D:5      | HP: 1/46 [crimson imp (3)]
  5035 | D:5      | HP: 2/46 [adder (4)]
  5740 | D:5      | Found a sacrificial altar of Ru.
  6282 | D:6      | Noticed a yak
  6282 | D:6      | Noticed a yak
  6283 | D:6      | Noticed a yak
  6463 | D:6      | Noticed Edmund
  6472 | D:6      | Killed Edmund
  6472 | D:6      | Reached XP level 8. HP: 54/54 MP: 6/14
  6725 | D:6      | Killed a yak
  6994 | D:6      | Killed a yak
  7004 | D:6      | Killed a yak
  7118 | D:6      | Reached skill level 5 in Spellcasting
  7451 | D:6      | Learned a level 4 spell: Condensation Shield
  7458 | D:6      | Reached XP level 9. HP: 49/58 MP: 6/16
  7767 | D:7      | Reached skill level 5 in Unarmed Combat
  7772 | D:7      | Slain by a yak

Action                   |  1- 3 |  4- 6 |  7- 9 || total
-------------------------+-------+-------+-------++-------
Melee: Unarmed           |    90 |     6 |    87 ||   183
       Dagger            |       |   124 |    91 ||   215
 Cast: Beastly Appendage |    23 |    23 |    11 ||    57
       Sticks to Snakes  |     1 |     6 |     9 ||    16
       Spider Form       |       |       |     6 ||     6
       Ice Form          |       |       |     6 ||     6
       Condensation Shie |       |       |     2 ||     2
Evoke: Wand              |       |       |     2 ||     2
  Use: Scroll            |       |     8 |     1 ||     9
       Potion            |       |     1 |     2 ||     3
 Stab: Sleeping          |     1 |     3 |     2 ||     6
       Distracted        |       |       |     1 ||     1
  Eat: Chunk             |     1 |     6 |       ||     7
       Bread ration      |     1 |       |       ||     1
       Meat ration       |       |       |     2 ||     2
       Pizza             |       |       |     1 ||     1
